 Dungeon Crawl Stone Soup version 0.29.0-4-gdea44cf6ec (webtiles) character file.

Game seed: 17068832412998419555

893 qw the Ruffian (level 7, -13/66 HPs)
             Began as a Troll Cinder Acolyte on Aug 30, 2022.
             Was an Elder of Ignis.
             Killed from afar by Ijyb (22 damage)
             ... with a bolt of acid
             ... on level 5 of the Dungeon.
             The game lasted 00:02:03 (3630 turns).

qw the Ruffian (Troll Cinder Acolyte)               Turns: 3630, Time: 00:02:04

Health: -13/66     AC:  7    Str: 25    XL:     7   Next: 78%
Magic:  7/7        EV:  8    Int: 14    God:    Ignis [****..]
Gold:   145        SH:  7    Dex:  5    Spells: 8/8 levels left

rFire   + . .      SeeInvis .     - Unarmed
rCold   . . .      Faith    .   d - +0 kite shield
rNeg    . . .      Spirit   .   a - +0 robe
rPois   +          Reflect  .   (helmet restricted)
rElec   .          Harm     .   (no cloak)
rCorr   .          Rampage  .   (gloves unavailable)
Will    .....                   (boots unavailable)
Stlth   +.........              e - amulet "Nogrian" {Acrobat rPois Int+4}
HPRegen 1.01/turn               (no ring)
MPRegen 0.10/turn               (no ring)

@: about to teleport, corroded, fiery-armoured
A: large, unfitting armour, claws 3, regeneration 1, shaggy fur 1, tough skin 1
a: Renounce Religion, Fiery Armour, Foxfire Swarm, Rising Flame


You were on level 5 of the Dungeon.
You worshipped Ignis.
Ignis was greatly pleased with you.
You visited 1 branch of the dungeon, and saw 5 of its levels.

You collected 145 gold pieces.


Innate Abilities, Weirdness & Mutations

You are too large for most types of armour.
You have claws for hands.
Your natural rate of healing is unusually fast.
You are covered in fur. (AC +1)
You have tough skin. (AC +1)


   Skills:
 - Level 2.4 Fighting
 - Level 2.9 Throwing
 - Level 5.2 Shields
 + Level 6.3 Unarmed Combat
 - Level 1.0 Spellcasting
 - Level 2.1 Fire Magic


You had 8 spell levels left.
You didn't know any spells.
Your spell library contained the following spells:

 Spells                   Type           Power      Damage    Failure   Level
 Scorch                   Fire           12%        2d5       34%         2

Inventory:

Armour
 a - a +0 robe (worn)
 d - a +0 kite shield (worn)
Jewellery
 c - the amulet of Daisies {Spirit rF+ Int+2 Stlth+}
   (You acquired it on level 2 of the Dungeon)

   [amulet of guardian spirit]

   It causes incoming damage to be divided between your reserves of health and
   magic.
   Int:       It affects your intelligence (+2).
   rF:        It protects you from fire.
   Stlth:     It makes you more stealthy.
 e - the amulet "Nogrian" (around neck) {Acrobat rPois Int+4}
   (You found it on level 2 of the Dungeon)

   [amulet of the acrobat]

   It increases your evasion while moving and waiting.
   Int:       It affects your intelligence (+4).
   rPois:     It protects you from poison.
 h - a +4 ring of protection
Scrolls
 g - a scroll of identify
 l - a scroll of teleportation
Potions
 b - a potion of heal wounds {unknown}
 f - a potion of curing
 j - a potion of might
 k - a potion of haste {unknown}
 m - a potion of magic {unknown}

Dungeon Overview and Level Annotations

Branches:
Dungeon (5/15)
 Temple: D:4-7

Altars:

Annotations:
D:5 Ijyb


Message History

Ijyb screams, "Die!"
Ijyb barely misses you.
You barely miss Ijyb.
Ijyb zaps a wand.
The bolt of acid hits you!
You miss Ijyb. Ijyb hits you with a +0 dagger.
You scratch Ijyb but do no damage. You block Ijyb's attack.
You scratch Ijyb.
Ijyb is lightly wounded.
You block Ijyb's attack.
You scratch Ijyb but do no damage.
Ijyb is lightly wounded.
Ijyb closely misses you. The ice beast barely misses you.
You barely miss Ijyb.
Ijyb is lightly wounded.
Ijyb hits you with a +0 dagger. The ice beast hits you.
The ice beast freezes you!
3628 ||| INVOKING Fiery Armour.
A protective cloak of flame settles atop you.
The ice beast hits you but does no damage.
The ice beast melts!
The ice beast is burned by your cloak of flames.
The ice beast is moderately wounded.
You block Ijyb's attack.
You barely miss the ice beast.
The ice beast is moderately wounded.
Ijyb screams, "It's all mine!"
Ijyb barely misses you. The ice beast hits you. The ice beast freezes you!
The ice beast melts!
The ice beast is burned by your cloak of flames.
The ice beast is heavily wounded.
3630 ||| READING 2 scrolls of teleportation.
As you read the scroll of teleportation, it crumbles to dust.
You feel strangely unstable.
The ice beast hits you but does no damage.
The ice beast is burned by your cloak of flames.
The ice beast is severely wounded.
Ijyb zaps a wand.
The bolt of acid hits you!!
You die...

##+# #
###.###..####'##+
#...#............
...#....Yg......
##+ #..#....@#
##..##..#.....#
#.......##....#
#.......##....#
#.............#
#..##........#
#..##........#
##............+
#.............#


You could see an ice beast and Ijyb.

Vanquished Creatures
  Sigmund (D:3)
  An ogre (D:3)
  3 scorpions
  2 howler monkeys
  A hound (D:4)
  An orc priest (D:4)
  A jelly (D:4)
  Jessica (D:2)
  Natasha (twice) (D:3)
  Terence (D:3)
  3 iguanas
  3 adders
  A shadow imp (D:5)
  A white imp (D:4)
  An ufetubus (D:5)
  A worm (D:4)
  11 orcs
  5 bats
  2 endoplasms
  4 giant cockroaches (D:2)
  6 goblins
  9 hobgoblins
  3 quokkas
  3 ball pythons
  7 frilled lizards
  7 kobolds
  10 rats
91 creatures vanquished.

Vanquished Creatures (others)
  6 plants (D:3)
6 creatures vanquished.

Grand Total: 97 creatures vanquished

Notes
Turn   | Place    | Note
-------+----------+-------------------------------------------
     0 | D:1      | qw the Troll Cinder Acolyte began the quest for the Orb.
     0 | D:1      | Reached XP level 1. HP: 22/22 MP: 1/1
     0 | D:1      | 0 ||| qw: Version: 0.1-a-95-gae9e614
     0 | D:1      | 0 ||| qw: Game counter: 4377
     0 | D:1      | 0 ||| qw: Always use a shield: true
     0 | D:1      | 0 ||| qw: God list: Okawaru
     0 | D:1      | 0 ||| qw: Allow faded altars: false
     0 | D:1      | 0 ||| qw: Do Orc after D:15 true
     0 | D:1      | 0 ||| qw: Do second Lair branch before Depths: true
     0 | D:1      | 0 ||| qw: Lair rune preference: random
     0 | D:1      | 0 ||| qw: Plans: Normal
     0 | D:1      | 0 ||| PLANNING D:1-11
   152 | D:1      | 152 ||| Stepping ~*~*~tactically~*~*~ (stealth).
   154 | D:1      | 154 ||| Stepping ~*~*~tactically~*~*~ (stealth).
   157 | D:1      | 157 ||| Stepping ~*~*~tactically~*~*~ (stealth).
   169 | D:1      | 169 ||| Stepping ~*~*~tactically~*~*~ (stealth).
   175 | D:1      | Reached XP level 2. HP: 19/29 MP: 2/2
   175 | D:1      | 175 ||| Stepping ~*~*~tactically~*~*~ (stealth).
   176 | D:1      | 176 ||| Stepping ~*~*~tactically~*~*~ (stealth).
   177 | D:1      | 177 ||| INVOKING Fiery Armour.
   179 | D:1      | HP: 6/29 [poisoned by a kobold]
   182 | D:1      | HP: 2/29 [poisoned by a kobold]
   187 | D:1      | HP: 1/29 [poisoned by a kobold]
   789 | D:1      | 789 ||| UPGRADING to +0 kite shield.
   794 | D:1      | 794 ||| DROPPING ring of flight.
   795 | D:1      | 795 ||| READING scroll labelled KOCUGO OMAY.
   796 | D:1      | 796 ||| Stepping randomly (stuck).
   797 | D:1      | 797 ||| Stepping ~*~*~tactically~*~*~ (cloud).
   977 | D:2      | Reached skill level 1 in Shields
   998 | D:2      | Identified the amulet "Nogrian" {Acrobat rPois Int+4}
  1017 | D:2      | Reached XP level 3. HP: 36/36 MP: 3/3
  1151 | D:2      | Noticed Jessica
  1158 | D:2      | Killed Jessica
  1159 | D:2      | Reached XP level 4. HP: 43/44 MP: 4/4
  1483 | D:2      | Found a faded altar of an unknown god.
  1719 | D:2      | 1719 ||| UPGRADING to amulet "Nogrian" {Acrobat rPois
                  | Int+4}.
  1724 | D:2      | 1724 ||| DROPPING amulet of magic regeneration.
  1725 | D:2      | 1725 ||| READING scroll labelled DIUMUDGH FUFEP.
  1725 | D:2      | Identified a scroll of acquirement
  1725 | D:2      | 1725 ||| ACQUIRING amulet of Daisies {Spirit rF+ Int+2
                  | Stlth+}
  1725 | D:2      | Acquired the amulet of Daisies {Spirit rF+ Int+2 Stlth+}
  1727 | D:2      | 1727 ||| READING scroll labelled GIEMYT YBIRR.
  1728 | D:2      | 1728 ||| READING scroll labelled JUXZYCESUI.
  1729 | D:2      | 1729 ||| READING 2 scrolls labelled WISIRHA BEUST.
  1732 | D:2      | 1732 ||| READING scroll labelled LEANWO DAUNUCIT.
  1733 | D:2      | 1733 ||| DRINKING 2 yellow potions.
  1734 | D:2      | 1734 ||| DROPPING potion of flight.
  1810 | D:3      | Noticed an ogre
  1821 | D:3      | Killed an ogre
  1822 | D:3      | Reached XP level 5. HP: 42/50 MP: 5/5
  1869 | D:3      | 1869 ||| Stepping ~*~*~tactically~*~*~ (stealth).
  1931 | D:3      | Identified the +3 chain mail of the Sparrow {Harm}
  2054 | D:3      | Noticed Natasha
  2067 | D:3      | Killed Natasha
  2068 | D:3      | Reached skill level 4 in Unarmed Combat
  2324 | D:3      | 2324 ||| Stepping ~*~*~tactically~*~*~ (stealth).
  2331 | D:3      | 2331 ||| Stepping ~*~*~tactically~*~*~ (stealth).
  2385 | D:3      | Noticed Sigmund
  2386 | D:3      | 2386 ||| Stepping ~*~*~tactically~*~*~ (hiding).
  2407 | D:3      | Killed Sigmund
  2408 | D:3      | Reached XP level 6. HP: 51/59 MP: 6/6
  2461 | D:3      | Noticed Terence
  2462 | D:3      | 2462 ||| Stepping ~*~*~tactically~*~*~ (stealth).
  2486 | D:3      | 2486 ||| Stepping ~*~*~tactically~*~*~ (stealth).
  2489 | D:3      | 2489 ||| Stepping ~*~*~tactically~*~*~ (hiding).
  2490 | D:3      | 2490 ||| Stepping ~*~*~tactically~*~*~ (hiding).
  2501 | D:3      | 2501 ||| INVOKING Fiery Armour.
  2505 | D:3      | Killed Terence
  2666 | D:3      | Noticed Natasha
  2673 | D:3      | Killed Natasha
  2764 | D:3      | 2764 ||| READING scroll labelled GIATHR MYFUG.
  2765 | D:3      | 2765 ||| READING 3 scrolls of identify.
  2765 | D:3      | 2765 ||| IDENTIFYING fuming clear potion
  2766 | D:3      | 2766 ||| READING 2 scrolls of identify.
  2766 | D:3      | 2766 ||| IDENTIFYING amethyst potion
  2767 | D:3      | 2767 ||| DROPPING potion of ambrosia.
  2833 | D:4      | Reached skill level 5 in Unarmed Combat
  2859 | D:4      | 2859 ||| Stepping ~*~*~tactically~*~*~ (stealth).
  2860 | D:4      | 2860 ||| Stepping ~*~*~tactically~*~*~ (stealth).
  2861 | D:4      | 2861 ||| Stepping ~*~*~tactically~*~*~ (stealth).
  2862 | D:4      | 2862 ||| Stepping ~*~*~tactically~*~*~ (stealth).
  2864 | D:4      | 2864 ||| Stepping ~*~*~tactically~*~*~ (stealth).
  2903 | D:4      | 2903 ||| Stepping ~*~*~tactically~*~*~ (stealth).
  2907 | D:4      | 2907 ||| Stepping ~*~*~tactically~*~*~ (stealth).
  2909 | D:4      | 2909 ||| Stepping ~*~*~tactically~*~*~ (stealth).
  2983 | D:4      | 2983 ||| INVOKING Fiery Armour.
  2987 | D:4      | 2987 ||| Stepping ~*~*~tactically~*~*~ (outnumbered).
  2990 | D:4      | Reached XP level 7. HP: 60/66 MP: 7/7
  2991 | D:4      | 2991 ||| Stepping ~*~*~tactically~*~*~ (outnumbered).
  2992 | D:4      | 2992 ||| Stepping ~*~*~tactically~*~*~ (outnumbered).
  2994 | D:4      | 2994 ||| Stepping ~*~*~tactically~*~*~ (outnumbered).
  3120 | D:4      | Reached skill level 6 in Unarmed Combat
  3142 | D:4      | 3142 ||| Stepping ~*~*~tactically~*~*~ (stealth).
  3143 | D:4      | 3143 ||| Stepping ~*~*~tactically~*~*~ (stealth).
  3144 | D:4      | 3144 ||| Stepping ~*~*~tactically~*~*~ (stealth).
  3368 | D:4      | 3368 ||| READING scroll labelled YNGIUTIQAI.
  3369 | D:4      | 3369 ||| READING 2 scrolls of identify.
  3369 | D:4      | 3369 ||| IDENTIFYING fizzy grey potion
  3394 | D:5      | Entered Level 5 of the Dungeon
  3568 | D:5      | 3568 ||| Stepping ~*~*~tactically~*~*~ (hiding).
  3614 | D:5      | Noticed Ijyb
  3615 | D:5      | 3615 ||| Stepping ~*~*~tactically~*~*~ (hiding).
  3628 | D:5      | 3628 ||| INVOKING Fiery Armour.
  3629 | D:5      | HP: 8/66 [ice beast (14)]
  3630 | D:5      | 3630 ||| READING 2 scrolls of teleportation.
  3630 | D:5      | Killed from afar by Ijyb

Levels and vault maps discovered:
D:1:      matt_arrival_los_fun, layout_basic, moated_statue
D:2:      minmay_evil_eye, layout_loops_corners,
          shapermc_ecumenical_altar_notcrosses, kennysheep_jessica_study
D:3:      layout_basic, serial_corexii_hall, corexii_hall_statues_l,
          corexii_hall_statues_s, minmay_lizard_king, uniq_natasha,
          uniq_jessica, uniq_sigmund, uniq_terence
D:4:      layout_cave_pools, hangedman_abyss_or_decor_stabs, grunt_ministairs_1
D:5:      layout_gridville, kennysheep_slug_shrine, ebering_ghost_disaster_area,
          uniq_ijyb

Skill      XL: |  1  2  3  4  5  6  7 |
---------------+----------------------+-----
Shields        | 1 2 4 5 |  5.2
Unarmed Combat | 4 5 6 |  6.3
Throwing       | 2 |  2.9
Fighting       | |  2.4
Spellcasting   | |  1.0
Fire Magic     | |  2.1

Action                   |  1- 3 |  4- 6 |  7- 9 || total
-------------------------+-------+-------+-------++-------
Melee: Unarmed           |    66 |   122 |    58 ||   246
       Punch             |     1 |       |       ||     1
Throw: Javelin           |       |    13 |     6 ||    19
Invok: Fiery Armour      |     1 |     2 |     1 ||     4
  Use: Scroll            |     1 |     8 |     3 ||    12
       Potion            |       |     1 |       ||     1
Armor: Robe              |    21 |    25 |    20 ||    66
Dodge: Dodged            |    26 |    33 |    18 ||    77
Block: Kite shield       |    11 |    20 |    17 ||    48

Table legend:
 A = Non-vault XP
 B = Vault XP
 C = Vault XP percentage of total XP
 D = Non-vault monster count
 E = Vault monster count
 F = Vault count percentage of total count
                 A         B        C        D         E       F
            +---------+---------+-------+---------+---------+-------
      Total |     863 |     414 |  32.4 |      72 |      19 |  20.9
            +---------+---------+-------+---------+---------+-------
        D:1 |      25 |       0 |   0.0 |      16 |       0 |   0.0
        D:2 |      55 |      46 |  45.5 |      20 |       6 |  23.1
        D:3 |     175 |     302 |  63.3 |      12 |       7 |  36.8
        D:4 |     294 |      66 |  18.3 |      16 |       6 |  27.3
        D:5 |     314 |       0 |   0.0 |       8 |       0 |   0.0
            +---------+---------+-------+---------+---------+-------
